| TOP OF THE 1ST |
|
Bridgetown Tridents batting - Pitching for Cabo San Lucas Worms : LHP John Marshall
|
|
Pitching: LHP John Marshall
|
|
|
Batting: LHB Tyler Quistorff
|
0-0: Ball 1-0: Ball 2-0: Ball 3-0: Called Strike 3-1: Swinging Strike 3-2: Foul Ball, location: 2F 3-2: Base on Balls
|
|
Batting: RHB Cal Ripken
|
0-0: Called Strike 0-1: SINGLE (Groundball, 56D, EV 108.1 MPH) Tyler Quistorff to second
|
|
Batting: RHB Jose Gonzalez
|
0-0: Called Strike 0-1: Ball 1-1: Called Strike 1-2: Ball 2-2: Ball 3-2: Foul Ball, location: 2F 3-2: Base on Balls Tyler Quistorff to third Cal Ripken to second
|
|
Batting: RHB Fritzie Connally
|
0-0: Swinging Strike 0-1: Ball 1-1: Foul Ball, location: 2F 1-2: Ball 2-2: SINGLE (Line Drive, 8RS, EV 93.8 MPH) Tyler Quistorff scores Cal Ripken to third Jose Gonzalez to second Runner from 3rd tries for Home, SAFE, throw by CF to home
|
|
Batting: RHB Andres Galarraga
|
0-0: Foul Ball, location: 2F 0-1: Ball 1-1: Foul Ball, location: 2F 1-2: Grounds into double play, 6-4-3 (Groundball, 6, EV 76.3 MPH) Jose Gonzalez to third
|
|
Batting: LHB Monte McAbee
|
0-0: Swinging Strike 0-1: Ball 1-1: SINGLE (Line Drive, 4MD, EV 95.0 MPH) Jose Gonzalez scores
|
|
Batting: SHB Cordie Dillard
|
0-0: Fielders Choice at 2nd, 5-4 (Groundball, 56, EV 86.3 MPH)
|
| Top of the 1st over - 3 runs, 3 hits, 0 errors, 1 left on base; Bridgetown 3 - Cabo San Lucas 0 |
| BOTTOM OF THE 1ST |
|
Cabo San Lucas Worms batting - Pitching for Bridgetown Tridents : RHP Stephen Williams
|
|
Pitching: RHP Stephen Williams
|
|
|
Batting: LHB Dennis Webb
|
0-0: Ball 1-0: Foul Ball, location: 2F 1-1: Foul Ball, location: 2F 1-2: Fly out, F7 (Flyball, 78M, EV 91.9 MPH)
|
|
Batting: SHB Larry Reynolds
|
0-0: Ball 1-0: Ball 2-0: Bunted foul 2-1: Foul Ball, location: 2F 2-2: Ball 3-2: Ground out 1-3 (Groundball, 34S, EV 86.9 MPH)
|
|
Batting: RHB Dickie Thon
|
0-0: Called Strike 0-1: Foul Ball, location: 2F 0-2: Ball 1-2: Ground out 3-1 (Groundball, 34, EV 105.0 MPH)
|
| Bottom of the 1st over - 0 runs, 0 hits, 0 errors, 0 left on base; Bridgetown 3 - Cabo San Lucas 0 |
| TOP OF THE 2ND |
|
Bridgetown Tridents batting - Pitching for Cabo San Lucas Worms : LHP John Marshall
|
|
Batting: SHB Al Pardo
|
0-0: Called Strike 0-1: Foul Ball, location: 2F 0-2: Fly out, F2 (Popup, 15S, EV 95.6 MPH)
|
|
Batting: RHB Burt Milley
|
0-0: Ball 1-0: Called Strike 1-1: Fly out, F9 (Flyball, 9, EV 92.5 MPH)
|
|
Batting: LHB Tyler Quistorff
|
0-0: Ball 1-0: Swinging Strike 1-1: Ball 2-1: Ground out 4-3 (Groundball, 4, EV 91.9 MPH)
|
| Top of the 2nd over - 0 runs, 0 hits, 0 errors, 0 left on base; Bridgetown 3 - Cabo San Lucas 0 |
| BOTTOM OF THE 2ND |
|
Cabo San Lucas Worms batting - Pitching for Bridgetown Tridents : RHP Stephen Williams
|
|
Batting: SHB John Macauley
|
0-0: Ball 1-0: Foul Ball, location: 2F 1-1: Ball 2-1: Ground out 6-3 (Groundball, 6, EV 86.9 MPH)
|
|
Batting: RHB Tim Teufel
|
0-0: SINGLE (Line Drive, 78S, EV 91.9 MPH)
|
|
Batting: RHB Paul Zuvella
|
0-0: Ball 1-0: Ball 2-0: Swinging Strike 2-1: Ball 3-1: Fly out, F8 (Flyball, 89D, EV 78.8 MPH)
|
|
Batting: LHB Joseph Bruno
|
0-0: Called Strike 0-1: Called Strike Tim Teufel steals 2nd base 0-2: Foul Ball, location: 2F 0-2: Ball 1-2: Fly out, F7 (Flyball, 78M, EV 88.1 MPH)
|
| Bottom of the 2nd over - 0 runs, 1 hit, 0 errors, 1 left on base; Bridgetown 3 - Cabo San Lucas 0 |
| TOP OF THE 3RD |
|
Bridgetown Tridents batting - Pitching for Cabo San Lucas Worms : LHP John Marshall
|
|
Batting: RHB Cal Ripken
|
0-0: Foul Ball, location: 2F 0-1: Foul Ball, location: 2F 0-2: Strikes out swinging
|
|
Batting: RHB Jose Gonzalez
|
0-0: Ball 1-0: SINGLE (Line Drive, 56D, EV 96.3 MPH)
|
|
Batting: RHB Fritzie Connally
|
0-0: Ball Jose Gonzalez is caught stealing 2nd base 2-4 1-0: Called Strike 1-1: Ball 2-1: Ball 3-1: Fly out, F8 (Flyball, 8LM, EV 81.3 MPH)
|
| Top of the 3rd over - 0 runs, 1 hit, 0 errors, 0 left on base; Bridgetown 3 - Cabo San Lucas 0 |
| BOTTOM OF THE 3RD |
|
Cabo San Lucas Worms batting - Pitching for Bridgetown Tridents : RHP Stephen Williams
|
|
Batting: RHB Don Slaught
|
0-0: Called Strike 0-1: Swinging Strike 0-2: Ball 1-2: Ball 2-2: Strikes out swinging
|
|
Batting: LHB Timothy Hickerson
|
0-0: Ball 1-0: Foul Ball, location: 2F 1-1: Called Strike 1-2: Ball 2-2: Ground out 6-3 (Groundball, 6, EV 90.0 MPH)
|
|
Batting: LHB Dennis Webb
|
0-0: Ground out 6-3 (Groundball, 6, EV 102.5 MPH)
|
| Bottom of the 3rd over - 0 runs, 0 hits, 0 errors, 0 left on base; Bridgetown 3 - Cabo San Lucas 0 |
| TOP OF THE 4TH |
|
Bridgetown Tridents batting - Pitching for Cabo San Lucas Worms : LHP John Marshall
|
|
Batting: RHB Andres Galarraga
|
0-0: Ball 1-0: Ball 2-0: Fly out, F7 (Line Drive, 7D, EV 96.3 MPH)
|
|
Batting: LHB Monte McAbee
|
0-0: Foul Ball, location: 2F 0-1: Foul Ball, location: 2F 0-2: Fly out, F5 (Flyball, 5DF, EV 91.9 MPH)
|
|
Batting: SHB Cordie Dillard
|
0-0: Ball 1-0: Ground out 4-3 (Groundball, 34, EV 105.6 MPH)
|
| Top of the 4th over - 0 runs, 0 hits, 0 errors, 0 left on base; Bridgetown 3 - Cabo San Lucas 0 |
| BOTTOM OF THE 4TH |
|
Cabo San Lucas Worms batting - Pitching for Bridgetown Tridents : RHP Stephen Williams
|
|
Batting: SHB Larry Reynolds
|
0-0: Ball 1-0: SINGLE (Groundball, 34D, EV 110.6 MPH)
|
|
Batting: RHB Dickie Thon
|
0-0: Called Strike 0-1: Ball 1-1: Ball 2-1: Foul Ball, location: 2F 2-2: Hit by Pitch Larry Reynolds to second
|
|
Batting: SHB John Macauley
|
0-0: Reached on error, E3 (Groundball, 34, EV 88.1 MPH) Larry Reynolds to third Dickie Thon to second
|
|
Batting: RHB Tim Teufel
|
0-0: Called Strike 0-1: Ball 1-1: Foul Ball, location: 2F 1-2: Foul Ball, location: 2F 1-2: Foul Ball, location: 2F 1-2: Ball 2-2: SINGLE (Line Drive, 78S, EV 99.4 MPH) Larry Reynolds scores Dickie Thon to third John Macauley to second Runner from 3rd tries for Home, SAFE, throw by LF to home
|
|
Batting: RHB Paul Zuvella
|
0-0: Ball 1-0: Ball 2-0: Foul Ball, location: 2F 2-1: Grounds into double play, 5-4-3 (Groundball, 56S, EV 86.3 MPH) John Macauley to third
|
|
Batting: LHB Joseph Bruno
|
0-0: Ball Wild Pitch! John Macauley scores 1-0: Foul Ball, location: 2F 1-1: Foul Ball, location: 2F 1-2: Foul Ball, location: 2F 1-2: Ground out 5-3 (Groundball, 56S, EV 91.3 MPH)
|
| Bottom of the 4th over - 3 runs, 2 hits, 1 error, 0 left on base; Bridgetown 3 - Cabo San Lucas 3 |
| TOP OF THE 5TH |
|
Bridgetown Tridents batting - Pitching for Cabo San Lucas Worms : LHP John Marshall
|
|
Batting: SHB Al Pardo
|
0-0: Swinging Strike 0-1: Foul Ball, location: 2F 0-2: Foul Ball, location: 2F 0-2: Strikes out looking
|
|
Batting: RHB Burt Milley
|
0-0: Ball 1-0: Ball 2-0: Called Strike 2-1: SINGLE (Groundball, 34D, EV 100.0 MPH)
|
|
Batting: LHB Tyler Quistorff
|
0-0: Ball 1-0: Ground out 5-3 (Groundball, 56S, EV 71.3 MPH) Burt Milley to second
|
|
Batting: RHB Cal Ripken
|
0-0: Foul Ball, location: 2F 0-1: Called Strike 0-2: Strikes out swinging
|
| Top of the 5th over - 0 runs, 1 hit, 0 errors, 1 left on base; Bridgetown 3 - Cabo San Lucas 3 |
| BOTTOM OF THE 5TH |
|
Cabo San Lucas Worms batting - Pitching for Bridgetown Tridents : RHP Stephen Williams
|
|
Batting: RHB Don Slaught
|
0-0: Ball 1-0: Foul Ball, location: 2F 1-1: Ball 2-1: DOUBLE (Line Drive, 9LM, EV 101.9 MPH)
|
|
Batting: LHB Timothy Hickerson
|
0-0: Called Strike 0-1: Foul Ball, location: 2F 0-2: Ball 1-2: Ball 2-2: Foul Ball, location: 2F 2-2: Foul Ball, location: 2F 2-2: Ball 3-2: Foul Ball, location: 2F 3-2: Foul Ball, location: 2F 3-2: Fly out, F1 (Line Drive, P, EV 66.3 MPH)
|
|
Batting: LHB Dennis Webb
|
0-0: Foul Ball, location: 2F 0-1: Ball 1-1: Ball 2-1: Called Strike 2-2: Ball 3-2: Base on Balls
|
|
Batting: SHB Larry Reynolds
|
0-0: Foul Ball, location: 2F 0-1: Fielders Choice at 2nd, 6-4 (Groundball, 6, EV 86.3 MPH) Don Slaught to third
|
|
Batting: RHB Dickie Thon
|
0-0: Ball 1-0: Called Strike 1-1: SINGLE (Flyball, 8LS, EV 101.3 MPH) Don Slaught scores Larry Reynolds to second Runner from 2nd tries for 3rd, SAFE, no throw by CF
|
|
Batting: SHB John Macauley
|
0-0: Called Strike 0-1: Ball 1-1: Ball 2-1: Ball 3-1: Swinging Strike 3-2: Fly out, F8 (Flyball, 8RD, EV 90.6 MPH)
|
| Bottom of the 5th over - 1 run, 2 hits, 0 errors, 2 left on base; Bridgetown 3 - Cabo San Lucas 4 |
| TOP OF THE 6TH |
|
Bridgetown Tridents batting - Pitching for Cabo San Lucas Worms : LHP John Marshall
|
|
Batting: RHB Jose Gonzalez
|
0-0: Ball 1-0: Fly out, F9 (Flyball, 9LS, EV 90.6 MPH)
|
|
Batting: RHB Fritzie Connally
|
0-0: Ball 1-0: Ball 2-0: Foul Ball, location: 2F 2-1: Ball 3-1: Foul Ball, location: 2F 3-2: Base on Balls
|
|
Batting: RHB Andres Galarraga
|
0-0: Ball 1-0: Swinging Strike 1-1: Foul Ball, location: 2F 1-2: Strikes out swinging
|
|
Batting: LHB Monte McAbee
|
0-0: Ball 1-0: Ground out 4-3 (Groundball, 4, EV 88.1 MPH)
|
| Top of the 6th over - 0 runs, 0 hits, 0 errors, 1 left on base; Bridgetown 3 - Cabo San Lucas 4 |
| BOTTOM OF THE 6TH |
|
Cabo San Lucas Worms batting - Pitching for Bridgetown Tridents : RHP Stephen Williams
|
|
Batting: RHB Tim Teufel
|
0-0: Ball 1-0: Ball 2-0: Called Strike 2-1: Ball 3-1: Base on Balls
|
|
Batting: RHB Paul Zuvella
|
0-0: Called Strike 0-1: Ball 1-1: SINGLE (Groundball, 4MD, EV 96.3 MPH) Tim Teufel to second Runner from 2nd tries for 3rd, OUT! 8-5
|
|
Batting: LHB Joseph Bruno
|
0-0: Ball 1-0: Fly out, F8 (Flyball, 8RD, EV 105.6 MPH)
|
|
Batting: RHB Don Slaught
|
0-0: Fly out, F9 (Flyball, 9LSF, EV 83.1 MPH)
|
| Bottom of the 6th over - 0 runs, 1 hit, 0 errors, 1 left on base; Bridgetown 3 - Cabo San Lucas 4 |
| TOP OF THE 7TH |
|
Bridgetown Tridents batting - Pitching for Cabo San Lucas Worms : LHP John Marshall
|
|
Batting: SHB Cordie Dillard
|
0-0: Ball 1-0: Called Strike 1-1: Swinging Strike 1-2: Strikes out looking
|
|
Batting: SHB Al Pardo
|
0-0: Called Strike 0-1: Ball 1-1: Swinging Strike 1-2: Ball 2-2: Ball 3-2: Foul Ball, location: 2F 3-2: SINGLE (Groundball, 4, EV 101.3 MPH) (infield hit)
|
|
Pitching: RHP Joel Finch
|
|
|
Batting: RHB Burt Milley
|
0-0: Ball 1-0: Foul Ball, location: 2F 1-1: Swinging Strike 1-2: Ball 2-2: Strikes out swinging
|
|
Batting: LHB Tyler Quistorff
|
0-0: Called Strike 0-1: Ball 1-1: Fly out, F8 (Flyball, 8LM, EV 85.6 MPH)
|
| Top of the 7th over - 0 runs, 1 hit, 0 errors, 1 left on base; Bridgetown 3 - Cabo San Lucas 4 |
| BOTTOM OF THE 7TH |
|
Cabo San Lucas Worms batting - Pitching for Bridgetown Tridents : RHP Stephen Williams
|
|
Batting: LHB Timothy Hickerson
|
0-0: Swinging Strike 0-1: Ball 1-1: Called Strike 1-2: Foul Ball, location: 2F 1-2: SINGLE (Groundball, 6MD, EV 100.6 MPH)
|
|
Batting: LHB Dennis Webb
|
0-0: Ball Wild Pitch! Timothy Hickerson to second 1-0: Foul Ball, location: 2F 1-1: Foul Ball, location: 2F 1-2: SINGLE (Popup, 3D, EV 72.5 MPH) Timothy Hickerson to third
|
|
Batting: SHB Larry Reynolds
|
0-0: Ball 1-0: Foul Ball, location: 2F 1-1: Fielders Choice at 2nd, 1-6 (Groundball, 23, EV 71.9 MPH)
|
|
Batting: RHB Dickie Thon
|
0-0: Called Strike 0-1: Ball 1-1: Ball 2-1: Ball 3-1: Ground out 4-3 (Groundball, 4S, EV 86.3 MPH) Timothy Hickerson scores Larry Reynolds to second
|
|
Pitching: RHP Jim Koontz
|
|
|
Batting: SHB John Macauley
|
0-0: Ball 1-0: Called Strike 1-1: Foul Ball, location: 2F 1-2: SINGLE (Groundball, 6MD, EV 100.6 MPH) Larry Reynolds to third Runner from 3rd tries for Home, SAFE, no throw by CF
|
|
Batting: RHB Tim Teufel
|
0-0: SINGLE (Groundball, 4MD, EV 97.5 MPH) John Macauley to second Runner from 2nd tries for 3rd, OUT! 8-5
|
| Bottom of the 7th over - 2 runs, 4 hits, 0 errors, 1 left on base; Bridgetown 3 - Cabo San Lucas 6 |
| TOP OF THE 8TH |
|
Bridgetown Tridents batting - Pitching for Cabo San Lucas Worms : RHP Joel Finch
|
|
Batting: RHB Cal Ripken
|
0-0: SINGLE (Groundball, 4MD, EV 99.4 MPH)
|
|
Batting: RHB Jose Gonzalez
|
0-0: Ball 1-0: Called Strike 1-1: Ball 2-1: SINGLE (Line Drive, 34D, EV 94.4 MPH) Cal Ripken to second Runner from 2nd tries for 3rd, SAFE, throw by RF made to third
|
|
Batting: RHB Fritzie Connally
|
0-0: Ball 1-0: Ball 2-0: Called Strike 2-1: Called Strike 2-2: Ball 3-2: Strikes out looking Jose Gonzalez steals 2nd base Batter strikes out.
|
|
Batting: RHB Andres Galarraga
|
0-0: Called Strike 0-1: SINGLE (Groundball, 56D, EV 109.4 MPH) Cal Ripken scores Jose Gonzalez to third Runner from 3rd tries for Home, SAFE, throw by LF to home
|
|
Batting: LHB Monte McAbee
|
0-0: Ball 1-0: Ball 2-0: Ball 3-0: Called Strike 3-1: Foul Ball, location: 2F 3-2: Base on Balls Andres Galarraga to second
|
|
Pitching: RHP Willie Mueller
|
|
|
Pinch Hitting: LHB Darryl Strawberry
|
0-0: DOUBLE (Line Drive, 78D, EV 110.0 MPH) Andres Galarraga scores Monte McAbee to third Runner from 3rd tries for Home, SAFE, throw by LF to home
|
|
Batting: SHB Al Pardo
|
0-0: Intentional Walk
|
|
Batting: RHB Burt Milley
|
0-0: Ball 1-0: Called Strike 1-1: Ball 2-1: Reached on error, E6 (Groundball, 6M, EV 81.9 MPH) Darryl Strawberry to third Al Pardo to second
|
|
Batting: LHB Tyler Quistorff
|
0-0: Ball 1-0: SINGLE (Groundball, 34, EV 106.3 MPH) Darryl Strawberry scores Al Pardo to third Burt Milley to second Runner from 3rd tries for Home, SAFE, no throw by RF
|
|
Batting: RHB Cal Ripken
|
0-0: Ball 1-0: Ball 2-0: Called Strike 2-1: Called Strike 2-2: Grounds into double play, 1-4-3 (Groundball, 25, EV 90.0 MPH)
|
| Top of the 8th over - 6 runs, 5 hits, 1 error, 1 left on base; Bridgetown 9 - Cabo San Lucas 6 |
| BOTTOM OF THE 8TH |
|
Cabo San Lucas Worms batting - Pitching for Bridgetown Tridents : RHP Jim Koontz
|
|
Now in RF: Darryl Strawberry
|
|
|
Batting: RHB Paul Zuvella
|
0-0: Bunted foul 0-1: Ball 1-1: Ball 2-1: Ball 3-1: Reached on error, E6 (Groundball, 6, EV 78.8 MPH)
|
|
Batting: LHB Joseph Bruno
|
0-0: Ball 1-0: Called Strike 1-1: Foul Ball, location: 2F 1-2: Reached on error, E4 (Line Drive, 4, EV 65.0 MPH) Paul Zuvella to second
|
|
Batting: RHB Don Slaught
|
0-0: Ball 1-0: Swinging Strike 1-1: Foul Ball, location: 2F 1-2: Foul Ball, location: 2F 1-2: Ball 2-2: Ball 3-2: Strikes out swinging
|
|
Batting: LHB Timothy Hickerson
|
0-0: Fly out, F4 (Flyball, 34D, EV 81.9 MPH)
|
|
Batting: LHB Dennis Webb
|
0-0: Ball 1-0: Reached on error, E4 (Groundball, 4, EV 84.4 MPH) Paul Zuvella scores Joseph Bruno to third
|
|
Pitching: RHP Buzz Capra
|
|
|
Batting: SHB Larry Reynolds
|
0-0: Called Strike 0-1: Called Strike 0-2: Ball 1-2: Ground out 4-3 (Groundball, 34, EV 103.1 MPH)
|
| Bottom of the 8th over - 1 run, 0 hits, 3 errors, 2 left on base; Bridgetown 9 - Cabo San Lucas 7 |
| TOP OF THE 9TH |
|
Bridgetown Tridents batting - Pitching for Cabo San Lucas Worms : RHP Willie Mueller
|
|
Batting: RHB Jose Gonzalez
|
0-0: Ball 1-0: SINGLE (Line Drive, 56D, EV 97.5 MPH)
|
|
Batting: RHB Fritzie Connally
|
0-0: Ball 1-0: Fly out, F3 (Popup, 34S, EV 84.4 MPH)
|
|
Batting: RHB Andres Galarraga
|
0-0: Swinging Strike 0-1: Called Strike 0-2: Ball 1-2: Ball 2-2: Strikes out swinging
|
|
Pitching: RHP Eric Magee
|
|
|
Batting: LHB Monte McAbee
|
0-0: Fielders Choice at 2nd, U6 (Groundball, 6M, EV 81.9 MPH)
|
| Top of the 9th over - 0 runs, 1 hit, 0 errors, 1 left on base; Bridgetown 9 - Cabo San Lucas 7 |
| BOTTOM OF THE 9TH |
|
Cabo San Lucas Worms batting - Pitching for Bridgetown Tridents : RHP Buzz Capra
|
|
Pitching: RHP Edward Hose
|
|
|
Batting: RHB Dickie Thon
|
0-0: Called Strike 0-1: Swinging Strike 0-2: Ball 1-2: DOUBLE (Flyball, 8LXD, EV 93.1 MPH)
|
|
Batting: SHB John Macauley
|
0-0: Foul Ball, location: 2F 0-1: Ball 1-1: Ball 2-1: Ball 3-1: Base on Balls
|
|
Batting: RHB Tim Teufel
|
0-0: Ball 1-0: Called Strike Dickie Thon steals 3rd base John Macauley to second 1-1: Swinging Strike 1-2: Foul Ball, location: 2F 1-2: Strikes out swinging
|
|
Batting: RHB Paul Zuvella
|
0-0: Fly out, F9 (Flyball, 89D, EV 85.6 MPH) Runner from 3rd tags up, SCORES, no throw by RF John Macauley to third
|
|
Batting: LHB Joseph Bruno
|
0-0: Foul Ball, location: 2F 0-1: Ball 1-1: SINGLE (Groundball, 5D, EV 100.0 MPH) John Macauley scores
|
|
Batting: RHB Don Slaught
|
0-0: Ball 1-0: Ball Joseph Bruno is caught stealing 2nd base 2-4
|
| Bottom of the 9th over - 2 runs, 2 hits, 0 errors, 0 left on base; Bridgetown 9 - Cabo San Lucas 9 |
| TOP OF THE 10TH |
|
Bridgetown Tridents batting - Pitching for Cabo San Lucas Worms : RHP Eric Magee
|
|
Pitching: RHP Charles Davis
|
|
|
Batting: LHB Darryl Strawberry
|
0-0: Ball 1-0: Ground out U3 (Groundball, 3, EV 91.3 MPH)
|
|
Batting: SHB Al Pardo
|
0-0: Called Strike 0-1: Swinging Strike 0-2: Ground out 5-3 (Groundball, 56S, EV 91.3 MPH)
|
|
Batting: RHB Burt Milley
|
0-0: Called Strike 0-1: Ball 1-1: Called Strike 1-2: Foul Ball, location: 2F 1-2: Foul Ball, location: 2F 1-2: Foul Ball, location: 2F 1-2: Ball 2-2: Strikes out swinging
|
| Top of the 10th over - 0 runs, 0 hits, 0 errors, 0 left on base; Bridgetown 9 - Cabo San Lucas 9 |
| BOTTOM OF THE 10TH |
|
Cabo San Lucas Worms batting - Pitching for Bridgetown Tridents : RHP Edward Hose
|
|
Pitching: LHP Carlos A Diaz
|
|
|
Batting: RHB Don Slaught
|
0-0: Swinging Strike 0-1: Ball 1-1: Called Strike 1-2: Ball 2-2: Foul Ball, location: 2F 2-2: Foul Ball, location: 2F 2-2: Foul Ball, location: 2F 2-2: Ball 3-2: Fly out, F7 (Flyball, 78D, EV 101.9 MPH)
|
|
Batting: LHB Timothy Hickerson
|
0-0: Ball 1-0: Called Strike 1-1: Called Strike 1-2: Strikes out swinging
|
|
Batting: LHB Dennis Webb
|
0-0: Ball 1-0: Foul Ball, location: 2F 1-1: Foul Ball, location: 2F 1-2: Foul Ball, location: 2F 1-2: Ground out 4-3 (Groundball, 4, EV 101.9 MPH)
|
| Bottom of the 10th over - 0 runs, 0 hits, 0 errors, 0 left on base; Bridgetown 9 - Cabo San Lucas 9 |
| TOP OF THE 11TH |
|
Bridgetown Tridents batting - Pitching for Cabo San Lucas Worms : RHP Charles Davis
|
|
Pitching: RHP Edward Arkema
|
|
|
Batting: LHB Tyler Quistorff
|
0-0: Swinging Strike 0-1: Ball 1-1: Foul Ball, location: 2F 1-2: Foul Ball, location: 2F 1-2: SINGLE (Groundball, 34D, EV 100.0 MPH)
|
|
Batting: RHB Cal Ripken
|
0-0: Ball 1-0: Called Strike 1-1: Foul Ball, location: 2F 1-2: Ball 2-2: Ball 3-2: Strikes out swinging Tyler Quistorff steals 2nd base Batter strikes out.
|
|
Batting: RHB Jose Gonzalez
|
0-0: Ball 1-0: Ball 2-0: Foul Ball, location: 2F 2-1: Ball 3-1: Base on Balls
|
|
Pitching: RHP Nelson Torres
|
|
|
Batting: RHB Fritzie Connally
|
0-0: Ball 1-0: Foul Ball, location: 2F 1-1: Ball 2-1: Ball 3-1: Base on Balls Tyler Quistorff to third Jose Gonzalez to second
|
|
Batting: RHB Andres Galarraga
|
0-0: Ball 1-0: Ball Wild Pitch! Tyler Quistorff scores Jose Gonzalez to third Fritzie Connally to second 2-0: Called Strike 2-1: Fly out, F8 (Flyball, 8RM, EV 93.1 MPH) Runner from 3rd tags up, SCORES, no throw by CF
|
|
Batting: LHB Monte McAbee
|
0-0: Intentional Walk
|
|
Batting: LHB Darryl Strawberry
|
0-0: Ball 1-0: Swinging Strike 1-1: Ball 2-1: Foul Ball, location: 2F 2-2: Strikes out swinging
|
| Top of the 11th over - 2 runs, 1 hit, 0 errors, 2 left on base; Bridgetown 11 - Cabo San Lucas 9 |
| BOTTOM OF THE 11TH |
|
Cabo San Lucas Worms batting - Pitching for Bridgetown Tridents : LHP Carlos A Diaz
|
|
Batting: SHB Larry Reynolds
|
0-0: Ball 1-0: Ball 2-0: Ball 3-0: SINGLE (Line Drive, 34D, EV 97.5 MPH)
|
|
Batting: RHB Dickie Thon
|
0-0: Called Strike 0-1: Fly out, F5 (Popup, 5SF, EV 83.8 MPH)
|
|
Batting: SHB John Macauley
|
0-0: Called Strike 0-1: Ball 1-1: Ball 2-1: Foul Ball, location: 2F 2-2: Foul Ball, location: 2F 2-2: Grounds into double play, 4-6-3 (Groundball, 34, EV 102.5 MPH)
|
| Bottom of the 11th over - 0 runs, 1 hit, 0 errors, 0 left on base; Bridgetown 11 - Cabo San Lucas 9 |
|